 Dungeon Crawl Stone Soup version 0.31-a0-920-g28cbb04a8c (webtiles) character file.

Game seed: 16579871524855519225

1133 Azuregosa the Sneak (level 8, -6/54 HPs)
             Began as an Octopode Delver on Oct 17, 2023.
             Was a Priest of Sif Muna.
             Killed from afar by a steam dragon (17 damage)
             ... with a ball of steam
             ... on level 6 of the Dungeon.
             The game lasted 00:25:10 (4676 turns).

Azuregosa the Sneak (Octopode Delver)               Turns: 4676, Time: 00:25:11

Health: -6/54      AC:  1    Str: 12    XL:     8   Next: 36%
Magic:  7/13       EV: 20    Int: 18    God:    Sif Muna [***...]
Gold:   260        SH:  0    Dex: 15    Spells: 8/14 levels left

rFire   . . .        j - +1 halberd
rCold   . . .        (shield currently unavailable)
rNeg    . . .        (helmet restricted)
rPois   .            (no amulet)
rElec   .            h - +5 ring of evasion
rCorr   .            z - +6 ring of intelligence
SInv    .            t - ring of willpower
Will    +....        (no ring)
Stlth   +++++        (no ring)
HPRegen 0.29/turn    (no ring)
MPRegen 0.13/turn    (no ring)
                     (no ring)

%: no passive effects
@: hasted, very quick
A: almost no armour, amphibious, 8 rings, camouflage 1, gelatinous body 1,
(nimble swimmer 1), tentacles
a: Renounce Religion, Channel Magic, Forget Spell


You were on level 6 of the Dungeon.
You worshipped Sif Muna.
Sif Muna was most pleased with you.
You visited 1 branch of the dungeon, and saw 7 of its levels.

You collected 260 gold pieces.

Inventory:

Hand Weapons
 a - a +0 short sword
 i - a +0 falchion
 j - a +1 halberd (weapon)
 n - a +1 dagger of draining
 v - a +0 sling of flaming
 A - the +1 short sword of Sifosask {heavy, rC++ Int+2}
   (You found it on level 3 of the Dungeon)

   Int+2:     It affects your intelligence (+2).
   rC++:      It greatly protects you from cold.
Missiles
 o - 43 stones
 s - 5 silver javelins
 y - 6 poisoned darts
 B - 3 darts of dispersal
Jewellery
 c - a +6 ring of intelligence
 h - a +5 ring of evasion (left tentacle)
 p - a ring of fire
 t - a ring of willpower (on tentacle)
 z - a +6 ring of intelligence (right tentacle)
 G - a +5 ring of evasion
Wands
 f - a wand of digging (3)
 g - a wand of charming (17)
 w - a wand of flame (12)
Scrolls
 b - 2 scrolls of fog
 d - a scroll of fear
 m - a scroll of noise
 q - 2 scrolls of teleportation
 u - a scroll of amnesia
 x - 2 scrolls of enchant armour {unknown}
 C - a scroll of vulnerability {unknown}
Potions
 k - 3 potions of resistance
 l - 3 potions of curing {unknown}
 r - a potion of cancellation
 D - a potion of berserk rage {unknown}


   Skills:
 - Level 4.1 Fighting
 - Level 2.0 Short Blades
 + Level 5.2 Dodging
 - Level 7.3 Stealth
 + Level 3.6 Spellcasting
 + Level 4.0 Conjurations
 + Level 4.0 Hexes


You had 8 spell levels left.
You knew the following spells:

 Your Spells              Type           Power      Damage    Failure   Level
a - Dazzling Flash        Conj/Hex       34%        N/A       9%          3
b - Hailstorm             Conj/Ice       10%        3d5       21%         3

Your spell library contained the following spells:

 Spells                   Type           Power      Damage    Failure   Level
 Apportation              Tloc           6%         N/A       16%         1
 Necrotise                Necr           12%        1d4       16%         1
 Summon Small Mammal      Summ           12%        N/A       16%         1
 Summon Guardian Golem    Hex/Summ       10%        N/A       21%         3
 Call Canine Familiar     Summ           3%         N/A       43%         3
 Frozen Ramparts          Ice            6%         1d1       43%         3
 Volatile Blastmotes      Fire/Tloc      6%         2d10      43%         3
 Petrify                  Tmut/Erth      3%         N/A       83%         4
 Summon Ice Beast         Ice/Summ       3%         N/A       83%         4
 Metabolic Englaciation   Hex/Ice        5%         N/A       88%         5
 Alistair's Intoxication  Tmut/Pois      2%         N/A       99%         5
 Borgnjor's Vile Clutch   Necr/Erth      1%         N/A       99%         5
 Eringya's Noxious Bog    Tmut/Pois      1%         4d6       100%        6
 Simulacrum               Ice/Necr       1%         N/A       100%        6
 Starburst                Conj/Fire      5%         6d4       100%        6
 Maxwell's Capacitive Co  Air            1%         ∞         100%        8


Dungeon Overview and Level Annotations

Branches:
Dungeon (7/15)
 Temple: D:4-7

Altars:
Sif Muna
Trog
Vehumet
Yredelemnul
Zin

Annotations:
D:4 ring of fire and a ghost, Stil's ghost, amateur DsSh


Innate Abilities, Weirdness & Mutations

You cannot wear most types of armour.
You are amphibious.
You can wear up to eight rings at the same time.
Your skin changes colour to match your surroundings (Stealth+).
Your rubbery body absorbs attacks. (AC +1, EV +1)
((You are camouflaged when in or above water. (Stealth+)))
You have tentacles for arms and can constrict up to eight enemies at once.


Message History

Your Conjurations skill increases to level 4!
Your Hexes skill increases to level 4!
Casting: Dazzling Flash (dangerous; 9% risk of failure)
Confirm with . or Enter, or press ? or * to list all spells.
Casting: Dazzling Flash (dangerous; 9% risk of failure)
Press: ? - help, Dir - look around, f - activate You are engulfed in a cloud of scalding steam.
You slash the steam dragon!
The steam dragon is moderately wounded.
The steam dragon bites you!
* * * LOW HITPOINT WARNING * * *
The steam dragon misses you. The steam dragon closely misses you.
The steam dragon barely misses you.
You hit the steam dragon but do no damage.
You squeeze the steam dragon!
The steam dragon is heavily wounded.
The steam dragon completely misses you. The steam dragon barely misses you.
You barely miss the steam dragon.
The steam dragon is heavily wounded.
The steam dragon breathes steam at you. The ball of steam misses you.
The steam dragon misses you. The steam dragon claws you.
* * * LOW HITPOINT WARNING * * *
You feel yourself speed up.
You are engulfed in a cloud of scalding steam.
The steam dragon barely misses you. The steam dragon closely misses you.
You closely miss the steam dragon.
The steam dragon is heavily wounded.
You are engulfed in a cloud of scalding steam.
* * * LOW HITPOINT WARNING * * *
The steam dragon misses you. The steam dragon barely misses you.
You puncture the steam dragon!
You squeeze the steam dragon, but do no damage.
The steam dragon is almost dead.
The steam dragon barely misses you. The steam dragon closely misses you.
You barely miss the steam dragon. Your squeeze misses the steam dragon.
The steam dragon is almost dead.
The steam dragon breathes steam at you. The ball of steam hits you!
You die...

#<......##########
#######........!.#
.................#
...........>.....#
########.........#
#.........# #######
#.........# ......#
####'######
#####.##### #.D@§#
#.......####.##.#
#.#.......#... ...
#.#####.#.#.##.##.#
#.#.....#...# .# .#
#.#....##...# . #
#.#...<.....# ##
#.#.######..#
#...........#


You could see a steam dragon (catching breath).

Vanquished Creatures
  Grinder (D:3)
  Sigmund (D:3)
  An ogre (D:5)
  A scorpion (D:6)
  6 hounds
  A jelly (D:5)
  An orc priest (D:5)
  2 iguanas
  Ijyb (D:3)
  An orc wizard (D:5)
  7 gnolls (D:2)
  10 adders
  A shadow imp (D:6)
  A white imp (D:5)
  4 worms
  2 dart slugs (D:3)
  15 orcs
  6 ball pythons
  6 bats
  5 endoplasms
  3 giant cockroaches
  11 goblins
  5 hobgoblins
  4 jackals (D:1)
  6 quokkas
  5 frilled lizards
  4 kobolds
  5 rats
116 creatures vanquished.

Vanquished Creatures (collateral kills)
  An orc priest (D:5)
1 creature vanquished.

Grand Total: 117 creatures vanquished

Notes
Turn   | Place    | Note
-------+----------+-------------------------------------------
     0 | D:5      | Azuregosa the Octopode Delver began the quest for the Orb.
     0 | D:5      | Reached XP level 1. HP: 16/16 MP: 1/1
    11 | D:6      | Noticed an ogre
    76 | D:6      | Noticed a sky beast
    77 | D:6      | Noticed a wight
   146 | D:5      | Found a basalt altar of Yredelemnul.
   188 | D:5      | Noticed an iguana
   215 | D:5      | Noticed a jelly
   222 | D:5      | Killed a jelly
   223 | D:5      | Reached skill level 7 in Stealth
   223 | D:5      | Reached XP level 2. HP: 21/21 MP: 2/2
   223 | D:5      | Reached XP level 3. HP: 26/26 MP: 3/3
   557 | D:2      | Reached XP level 4. HP: 33/33 MP: 4/4
   806 | D:1      | Found a faded altar of an unknown god.
   826 | D:1      | Prayed at the altar of an unknown god.
   826 | D:1      | Became a worshipper of Sif Muna the Loreminder
   826 | D:1      | Reached * piety under Sif Muna
   831 | D:1      | Learned a level 3 spell: Dazzling Flash
  1443 | D:2      | Reached XP level 5. HP: 21/37 MP: 5/5
  1455 | D:2      | Reached ** piety under Sif Muna
  1490 | D:2      | Reached skill level 1 in Conjurations
  1624 | D:2      | Reached skill level 1 in Hexes
  1627 | D:2      | Reached skill level 1 in Spellcasting
  2214 | D:3      | Noticed Ijyb
  2251 | D:3      | HP: 1/37 [Ijyb/+0 club (4)]
  2255 | D:3      | Killed Ijyb
  2319 | D:3      | Reached XP level 6. HP: 38/43 MP: 6/8
  2355 | D:3      | Found a large runed translucent door.
  2365 | D:3      | Found a large runed translucent door.
  2374 | D:3      | Found a glowing silver altar of Zin.
  2387 | D:3      | Found a radiant altar of Vehumet.
  2387 | D:3      | Noticed Sigmund
  2398 | D:3      | Killed Sigmund
  2524 | D:3      | Identified the +1 short sword of Sifosask {heavy, rC++
                  | Int+2}
  2554 | D:3      | Noticed Grinder
  2565 | D:3      | Paralysed by Grinder for 5 turns
  2582 | D:3      | Killed Grinder
  2583 | D:3      | Reached XP level 7. HP: 40/48 MP: 10/10
  2808 | D:4      | Found a runed translucent gate.
  2808 | D:4      | Found a runed translucent gate.
  2808 | D:4      | Found a runed translucent gate.
  2839 | D:4      | Noticed Stil's ghost (amateur DsSh)
  2868 | D:4      | Learned a level 3 spell: Hailstorm
  2996 | D:4      | Reached *** piety under Sif Muna
  3691 | D:5      | Found a bloodstained altar of Trog.
  4011 | D:5      | Reached XP level 8. HP: 54/54 MP: 12/12
  4284 | D:5      | Reached skill level 5 in Dodging
  4676 | D:6      | Killed from afar by a steam dragon

Illustrated notes

Levels and vault maps discovered:
D:1:      minmay_arrival_statue_studded, layout_loops_ring,
          shapermc_ecumenical_altar_ellora
D:2:      layout_loops_ring, minmay_pentomino_o2
D:3:      layout_rooms, jmf_multi_god_temple2, uniq_sigmund, uniq_grinder,
          uniq_ijyb
D:4:      layout_loops_ring, gammafunk_ghost_icy
D:5:      layout_gridville, mainiacjoe_overflow_catwalk, bloody_trog
D:6:      layout_basic
D:7:      layout_loops_ring, minmay_temple_entry_junction, enter_bailey_7,
          serial_shops, nicolae_shop_just_a_little_nook

Skill      XL: |  1  2  3  4  5  6  7  8 |
---------------+-------------------------+-----
Stealth        | 7 |  7.3
Dodging        | 3 4 5 |  5.2
Fighting       | 4 |  4.1
Conjurations   | 1 2 3 4 |  4.0
Hexes          | 1 2 3 4 |  4.0
Spellcasting   | 1 2 3 |  3.6
Short Blades   | |  2.0

Action                     |  1- 3 |  4- 6 |  7- 9 || total
---------------------------+-------+-------+-------++-------
  Melee: Halberd           |    19 |   108 |    87 ||   214
         Constrict         |     4 |    27 |    26 ||    57
         Tentacles         |     1 |    17 |    26 ||    44
         Short sword       |       |    10 |    31 ||    41
         Punch             |       |     1 |     1 ||     2
   Fire: Sling             |       |    24 |       ||    24
   Cast: Dazzling Flash    |       |       |     8 ||     8
         Hailstorm         |       |       |     1 ||     1
  Evoke: Wand              |       |     1 |     1 ||     2
    Use: Scroll            |     1 |     5 |     2 ||     8
         Potion            |       |     3 |     3 ||     6
   Stab: Sleeping          |     6 |    20 |    11 ||    37
         Invisible         |       |       |     2 ||     2
 Armour: Skin              |     8 |    40 |    58 ||   106
  Dodge: Dodged            |     2 |   125 |   141 ||   268

Table legend: (Time is in decaauts)
 A = Elapsed time spent in this place.
 B = Non-inter-level travel time spent in this place.
 C = Inter-level travel time spent in this place.
 D = Time resting spent in this place.
 E = Time spent auto-exploring this place.
 F = Levels seen in this place.
 G = Mean time per level.
                   A        B        C        D        E       F      G
               +--------+--------+--------+--------+--------+-----+--------+
         Total |   4802 |   4674 |    128 |    866 |   2192 |   7 |  686.0 |
       Dungeon |   4802 |   4674 |    128 |    866 |   2192 |   7 |  686.0 |
               +--------+--------+--------+--------+--------+-----+--------+

Top non-repeatable levels by time:
     D:4: 1105 daAuts
     D:5: 1083 daAuts
     D:1: 883 daAuts
     D:2: 881 daAuts
     D:3: 735 daAuts
     D:6: 108 daAuts
     D:7: 5 daAuts
